 Dungeon Crawl Stone Soup version 0.19-a0-1064-geb5102e (webtiles) character file.

2997 AlphabetPasta the Prestidigitator (level 9, -1/54 (56) HPs)
             Began as a High Elf Artificer on Aug 2, 2016.
             Was an Initiate of Okawaru.
             Succumbed to a killer bee's poison
             ... on level 7 of the Dungeon on Aug 3, 2016.
             The game lasted 00:47:36 (9904 turns).

AlphabetPasta the Prestidigitator (HEAr)            Turns: 9904, Time: 00:47:37

HP:   -1/54 (56)    AC: 10    Str: 14    XL:     9   Next: 54%
MP:   17/17         EV: 15    Int: 16    God:    Okawaru [......]
Gold: 304           SH:  0    Dex: 16    Spells: 0 memorised, 8 levels left

rFire  . . .     SeeInvis +     a - +2 scimitar (drain)
rCold  . . .     Gourm    .     n - +1 robe "Omatit" {+Fly SInv}
rNeg   + . .     Faith    .     (no shield)
rPois  .         Spirit   .     C - +0 helmet
rElec  .         Dismiss  .     p - +0 cloak
rCorr  .         Reflect  .     E - +1 pair of gloves
SustAt .         Harm     .     i - +2 pair of boots
MR     .....                    (no amulet)
Stlth  ++........               (no ring)
                                h - ring of positive energy

@: lethally poisoned (-1 -> -13)
A: no striking features
a: Renounce Religion, Evoke Flight


You were on level 7 of the Dungeon.
You worshipped Okawaru.
Okawaru was noncommittal.
You were not hungry.

You visited 2 branches of the dungeon, and saw 8 of its levels.

You collected 304 gold pieces.

Inventory:

Hand Weapons
 a - a +2 scimitar of draining (weapon)
 b - a +0 shortbow
 k - a +0 falchion of slicing
 A - a +0 short sword
Missiles
 x - 73 arrows
Armour
 g - a +0 ring mail
 i - a +2 pair of boots (worn)
 n - the +1 robe "Omatit" (worn) {+Fly SInv}
   (You found it on level 4 of the Dungeon)

   It lets you see invisible.
   It lets you fly.
 p - a +0 cloak (worn)
 y - a +0 leather armour
 C - a +0 helmet (worn)
 E - a +1 pair of gloves (worn)
Jewellery
 h - a ring of positive energy (left hand)
 u - a cursed ring of loudness {unknown}
Wands
 c - a wand of flame (3/48)
 d - a wand of enslavement (1/24)
 e - a wand of random effects (0/48)
 r - a wand of iceblast (9/15)
 t - a wand of polymorph (8/24)
 F - a wand of disintegration (19/24)
Scrolls
 l - a scroll of teleportation
 m - 5 scrolls of remove curse
 v - a scroll of enchant armour
 w - a scroll of amnesia
 B - 2 scrolls of identify
 G - a scroll of magic mapping
Potions
 s - 3 potions of flight
 z - 2 potions of magic
Comestibles
 f - 6 bread rations
 j - 3 beef jerkies
 o - 3 chunks of flesh
 D - 6 fruits


   Skills:
 - Level 3.0 Fighting
 - Level 3.9(5.2) Short Blades
 * Level 5.1(5.8) Long Blades
 * Level 4.0 Bows
 + Level 3.6 Armour
 - Level 5.4 Dodging
 - Level 1.1 Stealth
 + Level 1.9 Invocations
 + Level 9.6 Evocations


You had 8 spell levels left.
You didn't know any spells.

Dungeon Overview and Level Annotations

Branches:
Dungeon (7/15)             Temple (1/1) D:6

Altars:
Ashenzari
Cheibriados
Dithmenos
Elyvilon
Fedhas
Gozag
Hepliaklqana
Kikubaaqudgha
Makhleb
Nemelex Xobeh
Okawaru
Pakellas
Qazlal
Ru
Sif Muna
Trog
Uskayaw
Vehumet
Xom
Yredelemnul
Zin
The Shining One

Shops:
D:4 *


Message History

You are lethally poisoned!
The killer bee poisons you! The killer bee barely misses you.
You riposte.
You slash the killer bee! You drain the killer bee!
The killer bee is heavily wounded.
You barely miss the killer bee.
The killer bee is heavily wounded.
* * * LOW HITPOINT WARNING * * *
You feel sick. The killer bee closely misses you.
The killer bee stings you but does no damage.
Okay, then.
You barely miss the killer bee.
The killer bee is heavily wounded.
* * * LOW HITPOINT WARNING * * *
You feel sick.
The killer bee stings you but does no damage.
The killer bee stings you.
* * * LOW HITPOINT WARNING * * *
You hit the killer bee.
The killer bee is heavily wounded.
You die...

.. ......# #####
#.....# .....
+#####.....# .....
...........# #######
...?.......# ......#
......(....#
...)..##########'#####
.≈≈≈..#.........y....#
..≈...'.......†.@....#
.≈≈≈..#..............#
......#..............#
......#..............#
#######......#########
.............#......#
.............#......#
.............+......#
.............#......#


You could see a killer bee.

Vanquished Creatures
  Prince Ribbit (D:5)
  A golden eye (D:6)
  Menkaure (D:6)
  A water moccasin (D:6)
  2 sky beasts (D:6)
  2 phantoms
  An ice beast (D:5)
  A necrophage (D:7)
  2 centaurs
  An ogre (D:4)
  A giant frog (D:4)
  Blork the orc (D:6)
  A wyvern skeleton (D:6)
  2 scorpions (D:6)
  2 killer bees
  3 crimson imps
  A giant frog zombie (D:6)
  5 hounds
  A jelly (D:3)
  4 orc priests
  Crazy Yiuf (D:5)
  A giant frog skeleton (D:4)
  2 centaur skeletons (D:5)
  4 iguanas
  5 orc wizards
  4 worker ants
  A hound zombie (D:6)
  A hound skeleton (D:4)
  8 adders
  7 gnolls
  A worm (D:3)
  A dart slug (D:2)
  5 giant geckos
  10 orcs
  A ball python (D:3)
  7 bats
  2 giant cockroaches
  3 goblins
  4 hobgoblins
  2 jackals (D:6)
  5 kobolds
  A ball python skeleton (D:5)
  3 giant newts
  A jackal skeleton (D:4)
  9 rats
123 creatures vanquished.

Vanquished Creatures (collateral kills)
  A black bear (D:6)
  4 killer bees (D:7)
  A gnoll shaman (D:6)
  2 gnolls (D:3)
  3 orcs
  3 hobgoblins (D:3)
  2 giant newts (D:3)
16 creatures vanquished.

Vanquished Creatures (others)
  A gnoll (D:3)
  A worm (D:3)
2 creatures vanquished.

Grand Total: 141 creatures vanquished

Notes
Turn   | Place    | Note
-------+----------+-------------------------------------------
     0 | D:1      | AlphabetPasta the High Elf Artificer began the quest for the Orb.
     0 | D:1      | Reached XP level 1. HP: 13/13 MP: 4/4
   554 | D:1      | Reached XP level 2. HP: 18/18 MP: 5/5
  1295 | D:2      | Found a shadowy altar of Dithmenos.
  1713 | D:2      | Reached skill level 1 in Armour
  1713 | D:2      | Reached XP level 3. HP: 23/23 MP: 6/6
  1964 | D:3      | Reached skill level 4 in Evocations
  1994 | D:3      | Reached XP level 4. HP: 14/29 MP: 8/8
  2937 | D:3      | Reached XP level 5. HP: 27/34 MP: 9/9
  3189 | D:4      | Noticed an ogre
  3378 | D:4      | Reached skill level 5 in Evocations
  3388 | D:4      | Got a steaming robe
  3399 | D:4      | Identified the cursed +1 robe "Omatit" {+Fly SInv} (You found it on level 4 of the Dungeon)
  3409 | D:4      | Found Syilio's Serpentskin Sales.
  3409 | D:4      | Noticed a water moccasin
  3419 | D:4      | Noticed a golden eye
  3419 | D:4      | a water moccasin changed into a golden eye
  4163 | D:4      | Reached XP level 6. HP: 15/40 MP: 11/11
  4900 | D:4      | Reached skill level 6 in Evocations
  5242 | D:4      | Reached XP level 7. HP: 24/46 MP: 12/12
  5386 | D:5      | Entered Level 5 of the Dungeon
  5459 | D:5      | Found a runed door.
  5510 | D:5      | Noticed Crazy Yiuf
  5525 | D:5      | Killed Crazy Yiuf
  5834 | D:5      | Noticed Prince Ribbit
  5857 | D:5      | Killed Prince Ribbit
  5857 | D:5      | Reached skill level 7 in Evocations
  6747 | D:5      | Reached XP level 8. HP: 44/52 MP: 14/14
  6826 | D:5      | Reached skill level 1 in Bows
  7117 | D:5      | Noticed Eustachio
  7154 | D:5      | Noticed Eustachio
  7154 | D:5      | Eustachio changed into Eustachio the killer bee
  7157 | D:5      | Killed Eustachio the killer bee
  7298 | D:5      | Reached skill level 8 in Evocations
  7614 | D:5      | Reached skill level 1 in Long Blades
  8018 | D:6      | Noticed Menkaure
  8022 | D:6      | Killed Menkaure
  8253 | D:6      | Reached skill level 9 in Evocations
  8293 | D:5      | Reached skill level 5 in Dodging
  8457 | D:6      | Reached XP level 9. HP: 26/56 MP: 16/16
  9220 | D:6      | Found a staircase to the Ecumenical Temple.
  9241 | Temple   | Entered the Ecumenical Temple
  9323 | Temple   | Became a worshipper of Warmaster Okawaru
  9370 | D:6      | Reached skill level 1 in Invocations
  9389 | D:6      | Noticed Blork the orc
  9399 | D:6      | Killed Blork the orc
  9721 | D:6      | Upgraded the game from 0.19-a0-1057-g15bb84d to 0.19-a0-1064-geb5102e
  9855 | D:7      | Reached skill level 5 in Long Blades
  9903 | D:7      | HP: 2/54 [poisoned by a killer bee]
  9904 | D:7      | Succumbed to a killer bee's poison

Vault maps used:
D:1:      sevenhm_arrival_forest_fort_small_6
D:2:      nicolae_dithmenos_shadow_blocks
D:3:      wad_river_or_something
D:4:      kennysheep_spiral_hall, guppyfry_shop_venom
D:5:      first_bread, uniq_crazy_yiuf_cottage, uniq_prince_ribbit1,
          uniq_eustachio
D:6:      uniq_blork_the_orc, uniq_menkaure
D:7:      grunt_livestock, kennysheep_generic_room_11
Temple:   grunt_wide_crystal_templ

Skill      XL: |  1  2  3  4  5  6  7  8  9 |
---------------+----------------------------+-----
Armour         | 1 2 3 |  3.6
Evocations     | 4 5 6 7 9 |  9.6
Fighting       | 2 3 |  3.0
Short Blades   | 2 3 |  3.9
Dodging        | 3 4 5 |  5.4
Bows           | 2 4 |  4.0
Long Blades    | 3 5 |  5.1
Invocations    | 1 |  1.9
Stealth        | |  1.1

Action                   |  1- 3 |  4- 6 |  7- 9 || total
-------------------------+-------+-------+-------++-------
Melee: Short sword       |    80 |   331 |   193 ||   604
       Falchion          |       |       |   260 ||   260
       Scimitar          |       |       |   115 ||   115
 Fire: Shortbow          |       |       |    41 ||    41
Evoke: Wand              |    13 |    26 |    30 ||    69
  Use: Scroll            |       |    15 |     3 ||    18
       Potion            |       |     1 |     5 ||     6
 Stab: Sleeping          |     1 |       |     1 ||     2
       Distracted        |     1 |     1 |     1 ||     3
       Confused          |       |     1 |       ||     1
  Eat: Chunk             |     2 |     7 |     8 ||    17
       Beef jerky        |     1 |     1 |       ||     2
       Fruit             |       |     2 |     1 ||     3
       Meat ration       |       |       |     1 ||     1
       Royal jelly       |       |       |     1 ||     1
Armor: Ring mail         |    29 |    40 |       ||    69
       Robe              |       |    55 |   110 ||   165
Dodge: Dodged            |    33 |   168 |   324 ||   525
